 Dungeon Crawl Stone Soup version 0.28.0-45-g0d030f2227 (webtiles) character file.

Game seed: 15340556381609238886

140 protoss039 the Digger (level 5, -1/38 (39) HPs)
             Began as a Demonspawn Earth Elementalist on May 30, 2022.
             Succumbed to Crazy Yiuf's poison
             ... on level 2 of the Dungeon.
             The game lasted 00:03:07 (2748 turns).

protoss039 the Digger (DsEE)                        Turns: 2748, Time: 00:03:09

HP:   -1/38 (39)    AC:  2    Str:  9    XL:     5   Next: 2%
MP:   0/9           EV: 12    Int: 18    God:
Gold: 64            SH:  0    Dex: 13    Spells: 3/9 levels left

rFire   . . .      SeeInvis .   e - +0 dagger
rCold   . . .      Faith    .   (no shield)
rNeg    + . .      Spirit   .   b - +0 robe
rPois   .          Reflect  .   (no helmet)
rElec   .          Harm     .   (no cloak)
rCorr   .          Rampage  .   (no gloves)
Will    .....                   (no boots)
Stlth   ++........              (no amulet)
HPRegen 0.12/turn               a - ring of positive energy
MPRegen 0.11/turn               (no ring)

@: lethally poisoned (-1 -> -8), very slightly contaminated, lightly drained
A: spiny 1, demonic touch 2
a: no special abilities


You were on level 2 of the Dungeon.
You visited 1 branch of the dungeon, and saw 3 of its levels.

You collected 64 gold pieces.

Inventory:

Hand Weapons
 e - a +0 dagger (weapon)
Missiles
 c - 100 stones
Armour
 b - a +0 robe (worn)
Jewellery
 a - a ring of positive energy (left hand)
Scrolls
 d - a scroll of silence {unknown}
 f - a scroll of identify {unknown}
 g - a scroll of noise {unknown}


   Skills:
 * Level 2.3 Fighting
 + Level 1.2 Armour
 - Level 1.7 Dodging
 - Level 1.7 Stealth
 + Level 2.7 Spellcasting
 * Level 1.7 Conjurations
 - Level 1.0 Transmutations
 + Level 3.3 Earth Magic


You had 3 spell levels left.
You knew the following spells:

 Your Spells              Type           Power      Damage    Failure   Level
a - Sandblast             Erth           28%        2d8       4%          1
b - Passwall              Tmut/Erth      8%         N/A       11%         2
c - Stone Arrow           Conj/Erth      22%        3d8       19%         3

Your spell library contained the following spells:

 Spells                   Type           Power      Damage    Failure   Level
 Foxfire                  Conj/Fire      20%        2x1d5     12%         1
 Petrify                  Tmut/Erth      10%        N/A       56%         4


Dungeon Overview and Level Annotations

Branches:
Dungeon (3/15)

Altars:


Innate Abilities, Weirdness & Mutations

You are partially covered in sharp spines.
Your touch may inflict irresistible damage on your foes.


Message History

You feel very sick.
Crazy Yiuf hits you with a +2 quarterstaff of chaos.
You convulse.
Casting: Sandblast (safe; 4% risk of failure)
Confirm with . or Enter, or press ? or * to list all spells.
Aiming: Sandblast (safe; 4% risk of failure)
Press: ? - help, Shift-Dir - straight line, f/p - Crazy Yiuf
Aim: Crazy Yiuf, wielding a +2 quarterstaff of chaos and wearing a +0 cloak (heavily wounded, 82% to hit)
The blast of sand hits Crazy Yiuf.
Crazy Yiuf is severely wounded.
You feel sick. Crazy Yiuf completely misses you.
Casting: Sandblast (safe; 4% risk of failure)
Confirm with . or Enter, or press ? or * to list all spells.
Aiming: Sandblast (safe; 4% risk of failure)
Press: ? - help, Shift-Dir - straight line, f/p - Crazy Yiuf
Aim: Crazy Yiuf, wielding a +2 quarterstaff of chaos and wearing a +0 cloak (severely wounded, 82% to hit)
You miscast Sandblast.
You are very lightly contaminated with residual magic.
Nothing appears to happen.
You feel sick.
Crazy Yiuf says, "Shadow seventy sing-song!"
Crazy Yiuf hits you with a +2 quarterstaff of chaos!
* * * LOW HITPOINT WARNING * * *
Crazy Yiuf freezes you.
* * * LOW HITPOINT WARNING * * *
Unknown command.
Unknown command.
You aren't carrying any potions.
Okay, then.
Okay, then.
Okay, then.
Okay, then.
Casting: Sandblast (safe; 4% risk of failure)
Confirm with . or Enter, or press ? or * to list all spells.
The spell is quite dangerous to miscast (19% risk of failure)!
Continue anyway?
Aiming: Stone Arrow (quite dangerous; 19% risk of failure)
Press: ? - help, Shift-Dir - straight line, f/p - Crazy Yiuf
Aim: Crazy Yiuf, wielding a +2 quarterstaff of chaos and wearing a +0 cloak (severely wounded, 72% to hit)
The stone arrow hits Crazy Yiuf!
You kill Crazy Yiuf!
You die...

######## ##....#.### ###
###......#.@##...#
######.......####)'...#
######### ............##
###..)# #........
...<.....#### ###
###..#### .........#
#..#### ######.###
#..#... #.#
##################..#.##
######.#
#.#...................>.
.......#
#...........#..###.##.##


There were no monsters in sight!

Vanquished Creatures
  A water moccasin zombie (D:3)
  Crazy Yiuf (D:2)
  2 adders (D:2)
  4 dart slugs
  2 orcs
  5 endoplasms
  4 giant cockroaches
  5 goblins
  3 hobgoblins (D:1)
  7 jackals (D:1)
  7 ball pythons
  3 bats (D:1)
  5 frilled lizards
  3 kobolds
  3 rats
55 creatures vanquished.

Notes
Turn   | Place    | Note
-------+----------+-------------------------------------------
     0 | D:1      | protoss039 the Demonspawn Earth Elementalist began the
                  | quest for the Orb.
     0 | D:1      | Reached XP level 1. HP: 13/13 MP: 3/3
    16 | D:1      | Reached skill level 1 in Transmutations
   207 | D:1      | Gained mutation: Your touch may inflict minor irresistible
                  | damage on your foes. [demonic ancestry]
   207 | D:1      | Reached XP level 2. HP: 7/20 MP: 3/5
   448 | D:1      | Reached skill level 1 in Fighting
   751 | D:1      | Gained mutation: You are partially covered in sharp spines.
                  | [demonic ancestry]
   751 | D:1      | Reached XP level 3. HP: 4/26 MP: 0/6
  1050 | D:1      | Learned a level 2 spell: Passwall
  1054 | D:1      | Learned a level 3 spell: Stone Arrow
  1201 | D:1      | Reached skill level 3 in Earth Magic
  1202 | D:1      | Found a faded altar of an unknown god.
  1207 | D:1      | Got Plato's Papyrus of the Volcanoes
  1800 | D:2      | Found a runed translucent door.
  1801 | D:2      | Noticed Crazy Yiuf
  1835 | D:2      | You fall into a shaft and drop 1 floor!
  1865 | D:3      | Reached skill level 1 in Armour
  1865 | D:3      | Reached skill level 1 in Conjurations
  1865 | D:3      | Gained mutation: Your touch may inflict irresistible damage
                  | on your foes. [demonic ancestry]
  1865 | D:3      | Reached XP level 4. HP: 14/33 MP: 3/7
  2471 | D:2      | Reached XP level 5. HP: 27/39 MP: 9/9
  2747 | D:2      | HP: 1/38 [Crazy Yiuf/+2 quarterstaff of chaos (1)]
  2748 | D:2      | Killed Crazy Yiuf
  2748 | D:2      | Succumbed to Crazy Yiuf's poison

Illustrated notes

Levels and vault maps discovered:
D:1:      psy_arrival_radial01, layout_basic,
          shapermc_ecumenical_altar_rom_forum, minmay_tripent
D:2:      layout_loops_ring, uniq_crazy_yiuf_cottage
D:3:      layout_basic, nicolae_tso_carved_into_rock,
          nicolae_overflow_crystal_walls, amcnicky_altar_gilded, minivault_24

Skill      XL: |  1  2  3 |
---------------+----------+-----
Transmutations | 1 |  1.0
Fighting       | 1 2 |  2.3
Earth Magic    | 3 |  3.3
Armour         | 1 |  1.2
Conjurations   | 1 |  1.7
Dodging        | |  1.7
Stealth        | |  1.7
Spellcasting   | |  2.7

Action                   |  1- 3 |  4- 6 || total
-------------------------+-------+-------++-------
Melee: Dagger            |   101 |    20 ||   121
       Unarmed           |     2 |       ||     2
       Touch             |    20 |     4 ||    24
       Punch             |     2 |       ||     2
 Cast: Sandblast         |    18 |     7 ||    25
       Stone Arrow       |       |     1 ||     1
 Stab: Sleeping          |     2 |     2 ||     4
Armor: Robe              |    25 |     4 ||    29
Dodge: Dodged            |    64 |    16 ||    80
